 Dungeon Crawl Stone Soup version 0.30.1-11-g7821555f0a (webtiles) character file.

Game seed: 3238421167466831307

51 Okkudo the Chopper (level 3, -3/32 (34) HPs)
             Began as a Hill Orc Monk on Dec 7, 2023.
             Slain by a hell rat (10 damage)
             ... in a sewer.
             The game lasted 00:03:00 (1084 turns).

Okkudo the Chopper (Hill Orc Monk)                  Turns: 1084, Time: 00:03:00

HP:   -3/32 (34)    AC:  5    Str: 15    XL:     3   Next: 81%
MP:   3/3           EV: 11    Int: 10    God:
Gold: 86            SH:  0    Dex: 13    Spells: 2/2 levels left

rFire   . . .        a - +0 hand axe
rCold   . . .        d - orb {light}
rNeg    . . .        e - +0 ring mail
rPois   .            (no helmet)
rElec   .            (no cloak)
rCorr   .            (no gloves)
SInv    .            (no boots)
Will    .....        (no amulet) Stlth
                     (no ring)
HPRegen 0.25/turn    (no ring)
MPRegen 0.08/turn

%: no passive effects
@: confused, ambrosia-drunk, glowing, drained
A: no striking features
a: no special abilities


You were in a sewer.
You visited 1 branch of the dungeon, and saw 3 of its levels.
You also visited: Sewer.

You collected 86 gold pieces.

Inventory:

Hand Weapons
 a - a +0 hand axe (weapon)
Armour
 d - an orb of light (worn)
 e - a +0 ring mail (worn)
Scrolls
 g - a scroll of identify {unknown}
 h - 3 scrolls of noise {unknown}
Potions
 b - a potion of might {unknown}
 f - a potion of curing {unknown}


   Skills:
 + Level 4.4 Fighting
 * Level 4.8 Axes
 - Level 2.9 Dodging


You had 2 spell levels left.
You didn't know any spells.
Your spell library contained the following spells:

 Spells                   Type           Power      Damage    Failure   Level
 Ignite Poison            Fire/Tmut/Pois 0%         N/A       92%         3
 Sticky Flame             Conj/Fire      0%         2d3       100%        4
 Ignition                 Fire           0%         3d3       100%        8


Dungeon Overview and Level Annotations

Branches:
Dungeon (3/15)              Sewer (1/1)

Altars:
Kikubaaqudgha


Message History

The rat bites you but does no damage.
You hit the rat.
You kill the rat!
You start resting.
HP restored.
There is a gate leading back out of this place here.
You enter the shallow water.
Moving in this stuff is going to be slow.
You enter the shallow water.
Moving in this stuff is going to be slow.
A rat comes into view.
You barely miss the rat. The rat bites you but does no damage.
You barely miss the rat. The rat bites you.
The rat bites you but does no damage.
You hit the rat.
The rat is heavily wounded.
The rat bites you.
You hit the rat.
You kill the rat!
You enter the shallow water.
Moving in this stuff is going to be slow.
You enter the shallow water.
Moving in this stuff is going to be slow.
You open the door.
A hell rat comes into view.
The hell rat roars deafeningly!
Found six items.
Found a gate leading back out of this place.
There is an open door here.
The hell rat closely misses you.
There is an open door here.
The hell rat bites you.
You barely miss the hell rat. The hell rat bites you!
You hit the hell rat but do no damage. The hell rat bites you!
* * * LOW HITPOINT WARNING * * *
You feel drained.
* * * LOW HITPOINT WARNING * * *
You are confused.
You feel invigorated. The hell rat bites you!
You die...

###~~.###
#~.~.~.~#
##~~~..~.##
#~..###~~~#
##..##.##~.##
#~.~#~..#~.~#
#~.##!~~##.~#
#.~#??~~.#.~#
#∩∩#∩?~~~r@.#
#~.#?!~~.#.~#
#.~##!~~##~~#
#~~.#~~~ ~..#
##.~##~##~.##
#..~###.~~#
##~~~.~~~##
#~~~~~~~#
###.~~###


You could see a hell rat.

Vanquished Creatures
  A river rat (Sewer)
  2 dart slugs
  3 ball pythons
  An endoplasm (D:2)
  4 giant cockroaches
  6 goblins
  2 hobgoblins
  5 quokkas
  2 bats (D:1)
  A frilled lizard (D:1)
  2 kobolds (D:1)
  4 rats
33 creatures vanquished.

Notes
Turn   | Place    | Note
-------+----------+-------------------------------------------
     0 | D:1      | Okkudo the Hill Orc Monk began the quest for the Orb.
     0 | D:1      | Reached XP level 1. HP: 19/19 MP: 1/1
   162 | D:1      | Reached XP level 2. HP: 11/27 MP: 2/2
   574 | D:2      | Reached XP level 3. HP: 33/33 MP: 3/3
   697 | D:2      | Found an ancient bone altar of Kikubaaqudgha.
   855 | D:2      | You fall into a shaft and drop 1 floor!
   911 | D:3      | Found a glowing drain.
   931 | Sewer    | Entered a sewer
  1084 | Sewer    | Slain by a hell rat

Illustrated notes

Levels and vault maps discovered:
D:1:      dpeg_arrival_rhombus, layout_basic, grunt_decor_junction
D:2:      layout_loops_ring, basic_altar
D:3:      layout_basic, serial_shops, nicolae_shop_crystal,
          cheibrodos_sewer_entry_drain, uniq_jessica, uniq_natasha
Sewer:    sewer_hellmonk_bad_rat

Skill      XL: |  1  2 |
---------------+-------+-----
Fighting       | 4 |  4.4
Axes           | |  4.8
Dodging        | |  2.9

Action                     || total
---------------------------++-------
  Melee: Hand axe          ||   101
    Use: Potion            ||     1
 Armour: Ring mail         ||    40
         Robe              ||     3
  Dodge: Dodged            ||    56
